 Dungeon Crawl Stone Soup version 0.32-a0-893-gf85d74f360 (webtiles) character file.

Game seed: 792448530095548022

293 snetch the Chopper (level 6, -2/84 HPs)
             Began as a Minotaur Berserker on Apr 3, 2024.
             Was a Believer of Trog.
             Slain by an iguana (13 damage)
             ... on level 4 of the Dungeon.
             The game lasted 00:05:17 (2544 turns).

snetch the Chopper (Minotaur Berserker)             Turns: 2544, Time: 00:05:18

Health: -2/84      AC: -1    Str: 24    XL:     6   Next: 11%
Magic:  5/5        EV: 11    Int:  4    God:    Trog [**....]
Gold:   194        SH:  0    Dex: 15    Spells: 5/5 levels left

rFire   . . .        a - +0 hand axe
rCold   . . .        (no shield)
rNeg    . . .        r - +0 ring mail
rPois   .            (helmet restricted)
rElec   .            (no cloak)
rCorr   .            (no gloves)
SInv    .            b - +0 pair of boots
Will    .....        (no amulet) Stlth
                     o - +6 ring of dexterity
HPRegen 0.34/turn    (no ring)
MPRegen 0.09/turn

%: no passive effects
@: berserking, corroded, very quick
A: horns 2, retaliatory headbutt
a: Renounce Religion, Berserk, Trog's Hand


You were on level 4 of the Dungeon.
You worshipped Trog.
Trog was pleased with you.
You visited 2 branches of the dungeon, and saw 5 of its levels.

You collected 194 gold pieces.

Inventory:

Hand Weapons
 a - a +0 hand axe (weapon)
Missiles
 e - 30 stones (quivered)
 n - 3 poisoned darts
Armour
 b - a +0 pair of boots (worn)
 r - a +0 ring mail (worn)
Jewellery
 o - a +6 ring of dexterity (left hand)
Wands
 p - a wand of paralysis (8)
Scrolls
 c - 4 scrolls of identify {unknown}
 f - a scroll of torment {unknown}
 h - a scroll of amnesia {unknown}
 j - a scroll of fear {unknown}
 l - 2 scrolls of revelation {unknown}
 m - 3 scrolls of fog {unknown}
 q - 3 scrolls of vulnerability {unknown}
Potions
 d - 2 potions of curing {unknown}
 g - a potion of mutation {unknown}
 i - 2 potions of enlightenment {unknown}
 k - 3 potions of heal wounds {unknown}
 s - a potion of degeneration {unknown}


   Skills:
 + Level 5.2 Fighting
 + Level 6.0 Axes
 + Level 0.5 Throwing
 + Level 2.8 Armour
 + Level 3.4 Dodging
 + Level 1.2 Stealth


You had 5 spell levels left.
You didn't know any spells.
Your spell library contained the following spells:

 Spells                   Type           Power      Damage    Failure   Level
 Freeze                   Ice            0%         1d3       65%         1
 Frozen Ramparts          Ice            0%         1d1       95%         3
 Hailstorm                Conj/Ice       0%         3d5       95%         3


Dungeon Overview and Level Annotations

Branches:
Dungeon (4/15)             Temple (1/1) D:4

Altars:
Dithmenos
Fedhas
Nemelex Xobeh
Okawaru
Qazlal
Sif Muna
Uskayaw
Vehumet
Yredelemnul

Shops:
D:1 :


Innate Abilities, Weirdness & Mutations

You have a pair of horns on your head.
You reflexively headbutt those who attack you in melee.


Message History

There is a stone staircase leading up here.
A jelly comes into view.
Found 8 gold pieces.
You slash the jelly!
Your hands burn!
Your headbutt misses the jelly.
The jelly is severely wounded.
The jelly barely misses you.
You hit the jelly. The acid corrodes you!
Your hands burn!
The jelly is severely wounded.
The jelly hits you but does no damage.
You hit the jelly.
Your hands burn!
The jelly is almost dead.
The jelly hits you but does no damage.
You hit the jelly. The acid corrodes you!
Your hands burn!
You headbutt the jelly.
You kill the jelly!
Trog accepts your kill.
You have reached level 6!
You now have 194 gold pieces (gained 8).
Found a scroll labelled LIJY DUUSKY.
An iguana comes into view.
The iguana hisses angrily.
The iguana barely misses you.
You closely miss the iguana. The iguana bites you!
You hit the iguana.
The iguana is moderately wounded.
The iguana bites you!
You hit the iguana.
The iguana is moderately wounded.
The iguana barely misses you.
You hit the iguana.
The iguana is heavily wounded.
The iguana bites you!
* * * LOW HITPOINT WARNING * * *
You hit the iguana but do no damage.
The iguana is heavily wounded.
The iguana bites you!
* * * LOW HITPOINT WARNING * * *
A red film seems to cover your vision as you go berserk!
You feel yourself moving faster!
You feel mighty! The iguana bites you!
You die...

##...... .......
##..... ########
#...... #.....<#
#..... ...####.#
.# #..#.########
#.#
....#...........#
#.#
.....?......###.#
#.# #.####@.##.#
..# #.l##.# ###
#..##.#
#.###.#### ..#
#....# .#.#
####.# #.# #.#
#.# #.# #.#


You could see an iguana.

Vanquished Creatures
  A black bear (D:3)
  A scorpion (D:4)
  2 jellies (D:4)
  3 adders
  3 ribbon worms (D:2)
  2 dart slugs (D:2)
  2 endoplasms (D:2)
  2 giant cockroaches
  4 goblins
  6 hobgoblins
  5 jackals (D:1)
  7 kobolds
  A quokka (D:1)
  5 ball pythons
  3 bats
  5 frilled lizards
  4 rats
56 creatures vanquished.

Notes
Turn   | Place    | Note
-------+----------+-------------------------------------------
     0 | D:1      | snetch the Minotaur Berserker began the quest for the Orb.
     0 | D:1      | Reached XP level 1. HP: 19/19 MP: 0/0
    80 | D:1      | Noticed a walking frostbound tome
    81 | D:1      | Found Yhaph's Book Shop.
    82 | D:1      | Noticed a walking earthen tome
    89 | D:1      | Reached XP level 2. HP: 24/27 MP: 1/1
   113 | D:1      | Reached skill level 4 in Axes
   382 | D:2      | Reached XP level 3. HP: 30/33 MP: 2/2
   541 | D:2      | Reached ** piety under Trog
   715 | D:1      | Found a faded altar of an unknown god.
  1375 | D:2      | Reached XP level 4. HP: 29/41 MP: 3/3
  1786 | D:3      | Reached skill level 5 in Axes
  1877 | D:3      | Noticed a black bear
  1886 | D:3      | Killed a black bear
  1887 | D:3      | Reached skill level 1 in Stealth
  1887 | D:3      | Reached XP level 5. HP: 47/47 MP: 4/4
  1993 | D:4      | Found a staircase to the Ecumenical Temple.
  2004 | Temple   | Entered the Ecumenical Temple
  2050 | D:4      | Reached skill level 5 in Fighting
  2368 | D:3      | Reached skill level 6 in Axes
  2525 | D:4      | Reached XP level 6. HP: 39/56 MP: 5/5
  2544 | D:4      | Slain by an iguana

Illustrated notes

Levels and vault maps discovered:
D:1:      dpeg_arrival_short_road, layout_rooms, ebering_ecumenical_altar_rust,
          serial_shops, nicolae_shop_mannequins, grunt_decor_mini_mirrors,
          chequers_big_river
D:2:      layout_loops_cross, st_stairs_4
D:3:      layout_basic, serial_corexii_hall, chequers_hall_statues_y,
          corexii_hall_statues_l, nrook_uturn
D:4:      layout_basic, old_standard_altar, minmay_temple_entry_junction
Temple:   jpeg_temple_island

Skill      XL: |  1  2  3  4  5 |
---------------+----------------+-----
Axes           | 4 5 6 |  6.0
Fighting       | 4 5 |  5.2
Dodging        | 3 |  3.4
Stealth        | 1 |  1.2
Throwing       | |  0.5
Armour         | |  2.8

Action                     |  1- 3 |  4- 6 || total
---------------------------+-------+-------++-------
  Melee: Hand axe          |    92 |    34 ||   126
         Headbutt          |    14 |     7 ||    21
  Throw: Stone             |     6 |     3 ||     9
 Invoke: Berserk           |       |     2 ||     2
 Armour: Animal skin       |    51 |     4 ||    55
         Ring mail         |       |    19 ||    19
  Dodge: Dodged            |    72 |    17 ||    89

Table legend: (Time is in decaauts)
 A = Elapsed time spent in this place.
 B = Non-inter-level travel time spent in this place.
 C = Inter-level travel time spent in this place.
 D = Time resting spent in this place.
 E = Time spent auto-exploring this place.
 F = Levels seen in this place.
 G = Mean time per level.
                   A        B        C        D        E       F      G
               +--------+--------+--------+--------+--------+-----+--------+
         Total |   2578 |   2494 |     84 |      1 |   1826 |   5 |  515.6 |
       Dungeon |   2557 |   2482 |     75 |      1 |   1826 |   4 |  639.2 |
        Temple |     20 |     11 |      9 |      0 |      0 |   1 |   20.0 |
               +--------+--------+--------+--------+--------+-----+--------+

Top non-repeatable levels by time:
     D:3: 873 daAuts
     D:1: 854 daAuts
     D:2: 746 daAuts
     D:4: 84 daAuts
  Temple: 20 daAuts
